Wolves vs Sound Tigers
(R1)
Created - June 19, 2022 at 19:39
Goals
|
| Wolves |
1 |
1 |
3 |
5 |
| Sound Tigers |
0 |
2 |
1 |
3 |
|
Shots
|
| Wolves |
7 |
13 |
12 |
32 |
| Sound Tigers |
10 |
10 |
7 |
27 |
|
1st period
1. Wolves , Eric Robinson 16 (Jake Evans 7, Victor Olofsson 30) at 18:52 (PP)
Penalties :
Christian Fischer (BRI) for Interference (Minor) at 3:09, Dylan McIlrath (BRI) for Slashing (Minor) at 18:12
2nd period
2. Wolves , Matthew Highmore 9 (Fredrik Olofsson 10) at 0:49
3. Sound Tigers , Ross Colton 5 (Ben Thomson 18, Rhett Gardner 7) at 7:53
4. Sound Tigers , Borna Rendulic 31 (Gabriel Carlsson 12) at 11:04
Penalties :
Eric Robinson (Chi) for Interference (Minor) at 4:42, Dylan McIlrath (BRI) for Hooking (Minor) at 5:11, Joe Labate (BRI) for Roughing (Minor) at 11:26, Borna Rendulic (BRI) for Holding (Minor) at 15:10
3rd period
5. Wolves , Lawson Crouse 38 (Jeffrey Foss 43, Alexandre Grenier 71) at 0:12
6. Wolves , Victor Olofsson 31 (Jake Evans 8) at 2:17
7. Wolves , Fredrik Olofsson 11 (Alexandre Grenier 72, Kyle Rau 80) at 14:03
8. Sound Tigers , Garret Ross 21 (Slater Koekkoek 28, Pavel Kraskovsky 25) at 16:35
Penalties :
Ben Thomson (BRI) for Roughing (Minor) at 6:43, Garret Ross (BRI) for Interference (Minor) at 9:12, Fredrik Olofsson (Chi) for Hooking (Minor) at 11:22
Goalie Stats
Ebbe Siönäs (Chi), 24 saves from 27 shots - (0.889), W, 13-8-2, 60:00 minutes
Pavel Francouz (BRI), 27 saves from 32 shots - (0.844), L, 34-28-4, 60:00 minutes
Players Stats for Wolves
Player Name G A P +/- PIM S H SB GA TA FO MP PP MP PK MP
------------------------------------------------------------------------------------
Alexandre Grenier 0 2 2 1 0 7 3 1 2 0 3/4 22:11 5:51 1:26
Anton Lindholm 0 0 0 3 0 0 0 1 0 0 0/0 19:59 5:33 0:48
Antti Suomela 0 0 0 0 0 2 2 0 1 0 2/3 10:22 0:00 0:00
Dylan Coghlan 0 0 0 0 0 0 0 0 0 0 0/0 0:00 0:00 0:00
Eric Robinson 1 0 1 0 2 2 2 2 1 0 0/0 17:09 4:53 0:29
Fredrik Olofsson 1 1 2 1 2 1 1 0 0 0 1/1 11:03 0:00 0:00
Jake Evans 0 2 2 0 0 1 2 1 1 0 6/14 16:41 4:53 0:00
Jakub Zboril 0 0 0 -2 0 0 0 1 1 0 0/0 9:31 0:00 0:00
Jalen Chatfield 0 0 0 -2 0 0 0 3 0 1 0/0 9:31 0:00 0:00
Jeff Petry 0 0 0 3 0 0 0 2 1 2 0/0 19:59 5:33 0:48
Jeffrey Foss 0 1 1 0 0 0 2 1 0 0 0/0 26:59 5:31 1:40
Joe Morrow 0 0 0 0 0 4 4 2 1 0 0/0 26:59 5:31 1:40
Kale Clague 0 0 0 0 0 0 0 0 0 0 0/0 3:31 0:00 0:00
Kevin Stenlund 0 0 0 0 0 0 0 0 0 0 0/0 1:34 0:20 0:00
Kieffer Bellows 0 0 0 0 0 0 0 0 0 0 0/0 8:01 0:00 0:00
Kyle Rau 0 1 1 1 0 2 0 1 1 0 8/23 22:09 5:51 1:26
Lawson Crouse 1 0 1 0 0 2 3 0 0 0 1/1 19:41 5:36 0:33
Liam O'Brien 0 0 0 0 0 0 0 0 0 0 0/0 1:58 0:35 0:00
Matthew Highmore 1 0 1 0 0 1 1 0 0 1 0/2 8:01 0:00 0:00
Samuel Girard 0 0 0 0 0 0 0 0 0 0 0/0 3:31 0:00 0:00
Thomas Spelling 0 0 0 0 0 2 0 0 0 0 0/0 11:00 0:20 0:00
Victor Olofsson 1 1 2 0 0 5 1 1 1 0 0/0 17:35 4:53 0:33
Wade Allison 0 0 0 0 0 3 0 0 0 0 0/0 8:01 0:00 0:00
Zachary Senyshyn 0 0 0 0 0 0 0 0 0 0 0/0 0:34 0:00 0:29
Players Stats for Sound Tigers
Player Name G A P +/- PIM S H SB GA TA FO MP PP MP PK MP
------------------------------------------------------------------------------------
Alex Tuch 0 0 0 -1 0 1 2 0 0 0 6/9 22:11 1:21 5:47
Alexander Yelesin 0 0 0 2 0 1 1 0 0 2 0/0 12:49 0:00 0:26
Ben Johnson 0 0 0 0 0 0 0 0 0 0 0/0 1:11 0:00 0:50
Ben Thomson 0 1 1 0 2 0 0 0 1 0 0/0 8:36 0:00 1:07
Blake Speers 0 0 0 0 0 0 0 0 0 0 0/0 0:00 0:00 0:00
Borna Rendulic 1 0 1 -1 2 6 2 1 0 0 0/0 20:02 1:21 2:56
Brad Ross 0 0 0 0 0 0 0 0 0 0 0/0 0:49 0:00 0:39
Christian Fischer 0 0 0 -1 2 1 1 0 0 0 0/0 11:15 1:07 0:00
Connor Murphy 0 0 0 -3 0 0 3 4 1 3 0/0 26:51 1:41 6:03
Dylan McIlrath 0 0 0 -4 4 0 1 2 0 0 0/0 24:53 1:40 5:11
Gabriel Carlsson 0 1 1 1 0 1 0 3 0 1 0/0 21:29 0:47 5:01
Garret Pilon 0 0 0 0 0 0 0 0 0 0 0/0 0:00 0:00 0:00
Garret Ross 1 0 1 1 2 4 3 0 2 0 0/0 14:45 0:00 2:49
James Livingstone 0 0 0 1 0 0 1 0 0 0 0/0 10:42 0:00 0:00
James Sheppard 0 0 0 -1 0 2 1 0 0 1 1/1 17:47 1:07 5:44
Joe Labate 0 0 0 -1 2 4 1 0 0 1 13/24 15:30 1:21 0:00
Josh Archibald 0 0 0 0 0 0 0 0 0 0 0/0 0:47 0:00 0:00
Julian Melchiori 0 0 0 1 0 3 1 2 0 0 0/0 21:33 0:47 5:01
Pavel Kraskovsky 0 1 1 1 0 1 0 0 0 1 1/5 10:42 0:00 0:00
Rhett Gardner 0 1 1 0 0 2 1 0 0 0 2/2 8:05 0:00 0:00
Ross Colton 1 0 1 0 0 1 0 0 0 0 0/0 8:05 0:00 0:00
Ryan Bourque 0 0 0 -1 0 0 0 0 0 1 4/6 11:16 1:07 0:00
Scott Glennie 0 0 0 0 0 0 0 0 0 0 0/0 2:49 0:00 0:00
Slater Koekkoek 0 1 1 1 0 0 0 0 0 0 0/0 12:32 0:00 0:26
Tyrell Goulbourne 0 0 0 0 0 0 0 0 0 0 0/1 2:40 0:00 2:16
3 Stars
1 - Alexandre Grenier (Chi)
2 - Victor Olofsson (Chi)
3 - Fredrik Olofsson (Chi)
Power Play
Wolves - 1 on 7 Attempt(s) - 14.29%
Sound Tigers - 0 on 2 Attempt(s) - 0.00%
Penalty Kill
Wolves - 2 on 2 Attempt(s) - 100.00%
- Score 0 goal in Penalty Kill
Sound Tigers - 6 on 7 Attempt(s) - 85.71%
- Score 0 goal in Penalty Kill
Team Stat
Wolves - Hits : 21 - Faceoff Wins : 21 - Blocked Shots : 16 - Penalty Minutes : 4
Sound Tigers - Hits : 18 - Faceoff Wins : 27 - Blocked Shots : 12 - Penalty Minutes : 14
Official
Referees : Mitch Dunning and Dean Morton
Linesman : Brandon Gawryletz and Tony Sericolo
Game Notes
No Game Note
Finance
Level 1 -- Attendance: 1760 (88.00%) -- Ticket Income $61,600
Level 2 -- Attendance: 901 (90.10%) -- Ticket Income $13,515
Total Attendance: 2661 (88.70%)
Total Ticket Income: $75,115
Other Income: $3,756
Total Income: $78,871
Wolves
5 vs 5 Forward
Center Left Wing Right Wing Time % Phy DF OF
1 Kyle Rau Lawson Crouse Alexandre Grenier 40 1 2 2
2 Jake Evans Eric Robinson Victor Olofsson 30 1 2 2
3 Antti Suomela Fredrik Olofsson Thomas Spelling 20 1 2 2
4 Matthew Highmore Kieffer Bellows Wade Allison 10 1 2 2
5 vs 5 Defense
Defense Defense Time % Phy DF OF
1 Joe Morrow Jeffrey Foss 40 1 2 2
2 Anton Lindholm Jeff Petry 30 1 2 2
3 Jalen Chatfield Jakub Zboril 20 1 2 2
4 Samuel Girard Kale Clague 10 1 2 2
PowerPlay Forward
Center Left Wing Right Wing Time % Phy DF OF
1 Kyle Rau Lawson Crouse Alexandre Grenier 60 1 2 2
2 Jake Evans Eric Robinson Victor Olofsson 40 1 2 2
PowerPlay Defense
Defense Defense Time % Phy DF OF
1 Joe Morrow Jeffrey Foss 60 1 2 2
2 Anton Lindholm Jeff Petry 40 1 2 2
Penalty Kill 4 Players Forward
Center Wing Time % Phy DF OF
1 Alexandre Grenier Kyle Rau 60 1 2 2
2 Lawson Crouse Victor Olofsson 40 1 2 2
Penalty Kill 4 Players Defense
Defense Defense Time % Phy DF OF
1 Joe Morrow Jeffrey Foss 60 1 2 2
2 Anton Lindholm Jeff Petry 40 1 2 2
Penalty Kill - 3 Players Forward
Forward Time % Phy DF OF
1 Alexandre Grenier 60 1 2 2
2 Kyle Rau 40 1 2 2
Penalty Kill - 3 Players Defense
Defense Defense Time % Phy DF OF
1 Joe Morrow Jeffrey Foss 60 1 2 2
2 Anton Lindholm Jeff Petry 40 1 2 2
4 vs 4 Forward
Center Wing Time % Phy DF OF
1 Alexandre Grenier Kyle Rau 60 1 2 2
2 Lawson Crouse Victor Olofsson 40 1 2 2
4 vs 4 Defense
Defense Defense Time % Phy DF OF
1 Joe Morrow Jeffrey Foss 60 1 2 2
2 Anton Lindholm Jeff Petry 40 1 2 2
Last Minutes Offensive
Center Left Wing Right Wing Defense Defense
Kyle Rau Lawson Crouse Alexandre Grenier Joe Morrow Jeffrey Foss
Last Minutes Defensive
Center Left Wing Right Wing Defense Defense
Kyle Rau Lawson Crouse Alexandre Grenier Joe Morrow Jeffrey Foss
Goaltenders
Starting : Ebbe Siönäs
Backup : Laurent Brossoit
Extra Forwards
Normal : Liam O'Brien, Kevin Stenlund, Zachary Senyshyn - PP : Liam O'Brien, Kevin Stenlund - PK : Zachary Senyshyn
Extra Defensemen
Normal : Dylan Coghlan, Jalen Chatfield, Jakub Zboril - PP : Dylan Coghlan - PK : Jalen Chatfield, Jakub Zboril
Penalty Shots
Alexandre Grenier, Kyle Rau, Lawson Crouse, Victor Olofsson, Thomas Spelling
Scratches
Sebastian Aho (Healthy), Joona Koppanen (Healthy), Sergei Kostenko (Healthy)
Sound Tigers
5 vs 5 Forward
Center Left Wing Right Wing Time % Phy DF OF
1 Joe Labate Alex Tuch Borna Rendulic 40 1 2 2
2 Ryan Bourque James Sheppard Christian Fischer 30 1 2 2
3 Pavel Kraskovsky Garret Ross James Livingstone 20 1 2 2
4 Rhett Gardner Ben Thomson Ross Colton 10 1 2 2
5 vs 5 Defense
Defense Defense Time % Phy DF OF
1 Connor Murphy Dylan McIlrath 40 1 2 2
2 Julian Melchiori Gabriel Carlsson 30 1 2 2
3 Slater Koekkoek Alexander Yelesin 20 1 2 2
4 Connor Murphy Dylan McIlrath 10 1 2 2
PowerPlay Forward
Center Left Wing Right Wing Time % Phy DF OF
1 Joe Labate Alex Tuch Borna Rendulic 60 1 2 2
2 Ryan Bourque James Sheppard Christian Fischer 40 1 2 2
PowerPlay Defense
Defense Defense Time % Phy DF OF
1 Connor Murphy Dylan McIlrath 60 1 2 2
2 Julian Melchiori Gabriel Carlsson 40 1 2 2
Penalty Kill 4 Players Forward
Center Wing Time % Phy DF OF
1 Alex Tuch James Sheppard 60 1 2 2
2 Garret Ross Borna Rendulic 40 1 2 2
Penalty Kill 4 Players Defense
Defense Defense Time % Phy DF OF
1 Connor Murphy Dylan McIlrath 60 1 2 2
2 Julian Melchiori Gabriel Carlsson 40 1 2 2
Penalty Kill - 3 Players Forward
Forward Time % Phy DF OF
1 Alex Tuch 60 1 2 2
2 James Sheppard 40 1 2 2
Penalty Kill - 3 Players Defense
Defense Defense Time % Phy DF OF
1 Connor Murphy Dylan McIlrath 60 1 2 2
2 Julian Melchiori Gabriel Carlsson 40 1 2 2
4 vs 4 Forward
Center Wing Time % Phy DF OF
1 Alex Tuch James Sheppard 60 1 2 2
2 Garret Ross Borna Rendulic 40 1 2 2
4 vs 4 Defense
Defense Defense Time % Phy DF OF
1 Connor Murphy Dylan McIlrath 60 1 2 2
2 Julian Melchiori Gabriel Carlsson 40 1 2 2
Last Minutes Offensive
Center Left Wing Right Wing Defense Defense
Joe Labate Alex Tuch Borna Rendulic Connor Murphy Dylan McIlrath
Last Minutes Defensive
Center Left Wing Right Wing Defense Defense
Joe Labate Alex Tuch Borna Rendulic Connor Murphy Dylan McIlrath
Goaltenders
Starting : Pavel Francouz
Backup : Sean Maguire
Extra Forwards
Normal : Scott Glennie, Josh Archibald, Tyrell Goulbourne - PP : Scott Glennie, Josh Archibald - PK : Tyrell Goulbourne
Extra Defensemen
Normal : Slater Koekkoek, Alexander Yelesin, Julian Melchiori - PP : Slater Koekkoek - PK : Alexander Yelesin, Julian Melchiori
Penalty Shots
Alex Tuch, James Sheppard, Garret Ross, Borna Rendulic, Christian Fischer
Scratches
David Broll (Healthy), Brandon Gignac (Healthy), Casey Staum (Healthy), Chris Driedger (Healthy)
% Time on Ice - Wolves
Lines # - Real PCT - Wanted PCT - Time Play
Normal Forward
1 - 32% - 40% - 14:29
2 - 27% - 30% - 12:06
3 - 23% - 20% - 10:22
4 - 18% - 10% - 8:01
Normal Defense
1 - 42% - 40% - 18:45
2 - 29% - 30% - 13:11
3 - 21% - 20% - 9:31
4 - 8% - 10% - 3:31
PP Forward
1 - 56% - 60% - 6:11
2 - 44% - 40% - 4:53
PP Defense
1 - 50% - 60% - 5:31
2 - 50% - 40% - 5:33
PK Forward
1 - 78% - 60% - 1:55
2 - 22% - 40% - 0:33
PK Defense
1 - 68% - 60% - 1:40
2 - 32% - 40% - 0:48
PK3 Forward
1 - 0% - 60%
2 - 0% - 40%
PK3 Defense
1 - 0% - 60%
2 - 0% - 40%
44 Forward
1 - 79% - 60% - 1:11
2 - 21% - 40% - 0:19
44 Defense
1 - 70% - 60% - 1:03
2 - 30% - 40% - 0:27
Last Minute Offensive - 0:00
Last Minute Defensive - 0:00
Total
Forward - 60:00
Defense - 60:00
|
% Time on Ice - Sound Tigers
Lines # - Real PCT - Wanted PCT - Time Play
Normal Forward
1 - 33% - 40% - 14:49
2 - 25% - 30% - 11:22
3 - 24% - 20% - 10:42
4 - 18% - 10% - 8:05
Normal Defense
1 - 39% - 40% - 17:40
2 - 32% - 30% - 14:30
3 - 24% - 20% - 10:50
4 - 4% - 10% - 1:58
PP Forward
1 - 55% - 60% - 1:21
2 - 45% - 40% - 1:07
PP Defense
1 - 68% - 60% - 1:41
2 - 32% - 40% - 0:47
PK Forward
1 - 67% - 60% - 7:27
2 - 33% - 40% - 3:37
PK Defense
1 - 55% - 60% - 6:03
2 - 45% - 40% - 5:01
PK3 Forward
1 - 0% - 60%
2 - 0% - 40%
PK3 Defense
1 - 0% - 60%
2 - 0% - 40%
44 Forward
1 - 77% - 60% - 1:09
2 - 23% - 40% - 0:21
44 Defense
1 - 41% - 60% - 0:37
2 - 59% - 40% - 0:53
Last Minute Offensive - 0:00
Last Minute Defensive - 0:00
Total
Forward - 60:00
Defense - 60:00
|
Play-by-Play
1st period
0:01 of 1st period - Joe Labate wins face-off versus Kyle Rau in neutral zone.
1:24 of 1st period - Alex Tuch is hit by Lawson Crouse and loses puck.
1:33 of 1st period - Snap shot by Lawson Crouse.
1:33 of 1st period - Stopped by Pavel Francouz without a rebound.
1:34 of 1st period - Ryan Bourque wins face-off versus Jake Evans in Sound Tigers zone.
1:36 of 1st period - Icing by Christian Fischer.
1:37 of 1st period - Jake Evans wins face-off versus Ryan Bourque in Sound Tigers zone.
1:53 of 1st period - Julian Melchiori is hit by Jake Evans and loses puck.
3:09 of 1st period - Minor Penalty to Christian Fischer for Interference.
3:10 of 1st period - Alex Tuch wins face-off versus Kyle Rau in Sound Tigers zone.
3:22 of 1st period - Wrist shot by Kyle Rau.
3:22 of 1st period - Shot Misses the Net.
3:46 of 1st period - Slapshot by Joe Morrow.
3:46 of 1st period - Stopped by Pavel Francouz with a rebound.
5:09 of 1st period - Penalty to Christian Fischer is over, Christian Fischer is back on ice.
5:27 of 1st period - Slapshot by Garret Ross.
5:27 of 1st period - Stopped by Ebbe Siönäs with a rebound.
5:49 of 1st period - Slapshot by Wade Allison.
5:49 of 1st period - Stopped by Pavel Francouz with a rebound.
6:37 of 1st period - Fredrik Olofsson is hit by Garret Ross and loses puck.
6:46 of 1st period - James Livingstone is hit by Antti Suomela and loses puck.
7:05 of 1st period - Slapshot by Thomas Spelling.
7:05 of 1st period - Shot Misses the Net.
7:43 of 1st period - Dylan McIlrath is hit by Fredrik Olofsson and loses puck.
7:52 of 1st period - Slapshot by Thomas Spelling.
7:52 of 1st period - Shot Misses the Net.
7:54 of 1st period - Slapshot by Anton Lindholm.
7:54 of 1st period - Shot Blocked by Connor Murphy.
9:20 of 1st period - Snap shot by Thomas Spelling.
9:20 of 1st period - Stopped by Pavel Francouz without a rebound.
9:21 of 1st period - Joe Labate wins face-off versus Kyle Rau in Sound Tigers zone.
9:30 of 1st period - Wrist shot by Borna Rendulic.
9:30 of 1st period - Stopped by Ebbe Siönäs without a rebound.
9:31 of 1st period - Joe Labate wins face-off versus Kyle Rau in Wolves zone.
9:38 of 1st period - Snap shot by Alex Tuch.
9:38 of 1st period - Shot Misses the Net.
9:40 of 1st period - Snap shot by Julian Melchiori.
9:40 of 1st period - Shot Misses the Net.
9:48 of 1st period - Gabriel Carlsson is hit by Joe Morrow and loses puck.
10:05 of 1st period - Backhand shot by Joe Labate.
10:05 of 1st period - Shot Blocked by Alexandre Grenier.
10:07 of 1st period - Slapshot by Joe Labate.
10:07 of 1st period - Stopped by Ebbe Siönäs with a rebound.
10:11 of 1st period - Wrist shot by Alex Tuch.
10:11 of 1st period - Shot Misses the Net.
10:30 of 1st period - Snap shot by Borna Rendulic.
10:30 of 1st period - Shot Misses the Net.
10:36 of 1st period - Slapshot by Joe Labate.
10:36 of 1st period - Stopped by Ebbe Siönäs with a rebound.
10:38 of 1st period - Slapshot by Julian Melchiori.
10:38 of 1st period - Deflect By Kyle Rau.
10:38 of 1st period - Stopped by Ebbe Siönäs with a rebound.
10:40 of 1st period - Wrist shot by Alex Tuch.
10:40 of 1st period - Shot Blocked by Kyle Rau.
10:42 of 1st period - Wrist shot by Julian Melchiori.
10:42 of 1st period - Deflect By Lawson Crouse.
10:42 of 1st period - Stopped by Ebbe Siönäs without a rebound.
10:43 of 1st period - James Sheppard wins face-off versus Jake Evans in Wolves zone.
11:10 of 1st period - Jalen Chatfield is hit by Rhett Gardner and loses puck.
11:35 of 1st period - Matthew Highmore is hit by Christian Fischer and loses puck.
13:25 of 1st period - Christian Fischer is hit by Matthew Highmore and loses puck.
15:37 of 1st period - Kyle Rau is hit by Connor Murphy and loses puck.
16:17 of 1st period - Icing by Thomas Spelling.
16:18 of 1st period - Pavel Kraskovsky wins face-off versus Antti Suomela in Wolves zone.
16:21 of 1st period - Wrist shot by Garret Ross.
16:21 of 1st period - Stopped by Ebbe Siönäs with a rebound.
16:23 of 1st period - Snap shot by Alexander Yelesin.
16:23 of 1st period - Stopped by Ebbe Siönäs with a rebound.
16:25 of 1st period - Snap shot by Borna Rendulic.
16:25 of 1st period - Stopped by Ebbe Siönäs with a rebound.
16:39 of 1st period - Snap shot by Victor Olofsson.
16:39 of 1st period - Stopped by Pavel Francouz with a rebound.
16:41 of 1st period - Wrist shot by Jake Evans.
16:41 of 1st period - Shot Misses the Net.
16:43 of 1st period - Snap shot by Victor Olofsson.
16:43 of 1st period - Shot Misses the Net.
17:26 of 1st period - Icing by Jeffrey Foss.
17:27 of 1st period - Rhett Gardner wins face-off versus Matthew Highmore in Wolves zone.
17:30 of 1st period - Wrist shot by Christian Fischer.
17:30 of 1st period - Stopped by Ebbe Siönäs with a rebound.
17:53 of 1st period - Joe Morrow is hit by Connor Murphy and loses puck.
18:12 of 1st period - Minor Penalty to Dylan McIlrath for Slashing.
18:13 of 1st period - Kyle Rau wins face-off versus Alex Tuch in Sound Tigers zone.
18:33 of 1st period - James Sheppard is hit by Alexandre Grenier and loses puck.
18:50 of 1st period - Snap shot by Victor Olofsson.
18:50 of 1st period - Shot Blocked by Gabriel Carlsson.
18:52 of 1st period - Wrist shot by Jake Evans.
18:52 of 1st period - Deflect By Eric Robinson.
18:52 of 1st period - Goal by Eric Robinson - Wolves : 1 - Sound Tigers : 0.
18:53 of 1st period - Kyle Rau wins face-off versus Joe Labate in neutral zone.
18:56 of 1st period - Slapshot by Joe Morrow.
18:56 of 1st period - Shot Misses the Net.
19:28 of 1st period - Wrist shot by Jake Evans.
19:28 of 1st period - Deflect By Victor Olofsson.
19:28 of 1st period - Shot Misses the Net.
19:28 of 1st period - Puck is out of play.
19:29 of 1st period - Joe Labate wins face-off versus Kyle Rau in Sound Tigers zone.
19:29 of 1st period - Joe Labate is hit by Lawson Crouse.
19:39 of 1st period - Slapshot by Joe Morrow.
19:39 of 1st period - Stopped by Pavel Francouz without a rebound.
19:40 of 1st period - Joe Labate wins face-off versus Kyle Rau in Sound Tigers zone.
Goals for this period are 1 for Wolves vs 0 for Sound Tigers.
Shots for this period are 7 for Wolves vs 10 for Sound Tigers.
2nd period
0:01 of 2nd period - Kyle Rau wins face-off versus Alex Tuch in neutral zone.
0:04 of 2nd period - Slapshot by Kyle Rau.
0:04 of 2nd period - Shot Blocked by Dylan McIlrath.
0:16 of 2nd period - Slapshot by Connor Murphy.
0:16 of 2nd period - Shot Blocked by Joe Morrow.
0:49 of 2nd period - Snap shot by Matthew Highmore.
0:49 of 2nd period - Goal by Matthew Highmore - Wolves : 2 - Sound Tigers : 0.
0:50 of 2nd period - Joe Labate wins face-off versus Kyle Rau in neutral zone.
1:01 of 2nd period - Snap shot by Kyle Rau.
1:01 of 2nd period - Stopped by Pavel Francouz with a rebound.
1:03 of 2nd period - Snap shot by Alexandre Grenier.
1:03 of 2nd period - Stopped by Pavel Francouz with a rebound.
1:05 of 2nd period - Wrist shot by Alexandre Grenier.
1:05 of 2nd period - Stopped by Pavel Francouz with a rebound.
1:15 of 2nd period - Ryan Bourque is hit by Eric Robinson and loses puck.
2:16 of 2nd period - Off-side.
2:17 of 2nd period - Kyle Rau wins face-off versus Joe Labate in neutral zone.
2:26 of 2nd period - Snap shot by Alexandre Grenier.
2:26 of 2nd period - Shot Misses the Net.
2:28 of 2nd period - Snap shot by Alexandre Grenier.
2:28 of 2nd period - Shot Misses the Net.
2:30 of 2nd period - Slapshot by Jeffrey Foss.
2:30 of 2nd period - Shot Blocked by Borna Rendulic.
2:32 of 2nd period - Snap shot by Kyle Rau.
2:32 of 2nd period - Stopped by Pavel Francouz with a rebound.
2:42 of 2nd period - Slater Koekkoek is hit by Jeffrey Foss.
3:21 of 2nd period - Snap shot by Borna Rendulic.
3:21 of 2nd period - Stopped by Ebbe Siönäs with a rebound.
3:23 of 2nd period - Snap shot by Dylan McIlrath.
3:23 of 2nd period - Shot Blocked by Joe Morrow.
3:25 of 2nd period - Wrist shot by Borna Rendulic.
3:25 of 2nd period - Deflect By Jeffrey Foss.
3:25 of 2nd period - Shot Blocked by Jeffrey Foss.
3:25 of 2nd period - Puck is out of play.
3:26 of 2nd period - Ryan Bourque wins face-off versus Kyle Rau in Wolves zone.
3:27 of 2nd period - Snap shot by James Sheppard.
3:27 of 2nd period - Shot Blocked by Jeff Petry.
3:29 of 2nd period - Slapshot by Julian Melchiori.
3:29 of 2nd period - Stopped by Ebbe Siönäs with a rebound.
3:31 of 2nd period - Snap shot by James Sheppard.
3:31 of 2nd period - Stopped by Ebbe Siönäs without a rebound.
3:32 of 2nd period - Kyle Rau wins face-off versus Ryan Bourque in Wolves zone.
3:37 of 2nd period - Snap shot by Alexandre Grenier.
3:37 of 2nd period - Shot Blocked by Gabriel Carlsson.
3:57 of 2nd period - Snap shot by Rhett Gardner.
3:57 of 2nd period - Stopped by Ebbe Siönäs with a rebound.
4:09 of 2nd period - Snap shot by Alexandre Grenier.
4:09 of 2nd period - Stopped by Pavel Francouz with a rebound.
4:11 of 2nd period - Snap shot by Alexandre Grenier.
4:11 of 2nd period - Stopped by Pavel Francouz with a rebound.
4:19 of 2nd period - Snap shot by Alexandre Grenier.
4:19 of 2nd period - Shot Misses the Net.
4:21 of 2nd period - Slapshot by Jeff Petry.
4:21 of 2nd period - Deflect By Lawson Crouse.
4:21 of 2nd period - Shot Misses the Net.
4:21 of 2nd period - Puck is out of play.
4:22 of 2nd period - Ryan Bourque wins face-off versus Jake Evans in Sound Tigers zone.
4:35 of 2nd period - Wrist shot by James Sheppard.
4:35 of 2nd period - Stopped by Ebbe Siönäs without a rebound.
4:36 of 2nd period - Joe Labate wins face-off versus Jake Evans in Wolves zone.
4:42 of 2nd period - Minor Penalty to Eric Robinson for Interference.
4:43 of 2nd period - Alexandre Grenier wins face-off versus Joe Labate in Wolves zone.
4:49 of 2nd period - Snap shot by Borna Rendulic.
4:49 of 2nd period - Shot Misses the Net.
5:11 of 2nd period - Minor Penalty to Dylan McIlrath for Hooking.
5:12 of 2nd period - Alex Tuch wins face-off versus Alexandre Grenier in Sound Tigers zone.
5:37 of 2nd period - Alex Tuch is hit by Joe Morrow and loses puck.
6:02 of 2nd period - Borna Rendulic is hit by Lawson Crouse and loses puck.
6:42 of 2nd period - Penalty to Eric Robinson is over, Eric Robinson is back on ice.
7:11 of 2nd period - Penalty to Dylan McIlrath is over, Dylan McIlrath is back on ice.
7:47 of 2nd period - Slapshot by Connor Murphy.
7:47 of 2nd period - Shot Misses the Net.
7:49 of 2nd period - Snap shot by Rhett Gardner.
7:49 of 2nd period - Shot Blocked by Jakub Zboril.
7:51 of 2nd period - Snap shot by Ben Thomson.
7:51 of 2nd period - Shot Misses the Net.
7:53 of 2nd period - Snap shot by Ross Colton.
7:53 of 2nd period - Goal by Ross Colton - Wolves : 2 - Sound Tigers : 1.
7:54 of 2nd period - Joe Labate wins face-off versus Kyle Rau in neutral zone.
7:57 of 2nd period - Jakub Zboril is hit by Joe Labate and loses puck.
8:08 of 2nd period - Slapshot by Alexandre Grenier.
8:08 of 2nd period - Shot Blocked by Julian Melchiori.
8:10 of 2nd period - Wrist shot by Lawson Crouse.
8:10 of 2nd period - Shot Blocked by Gabriel Carlsson.
8:39 of 2nd period - Off-side.
8:40 of 2nd period - Antti Suomela wins face-off versus Pavel Kraskovsky in neutral zone.
8:47 of 2nd period - Wrist shot by Antti Suomela.
8:47 of 2nd period - Shot Misses the Net.
8:49 of 2nd period - Wrist shot by Antti Suomela.
8:49 of 2nd period - Stopped by Pavel Francouz with a rebound.
8:51 of 2nd period - Wrist shot by Antti Suomela.
8:51 of 2nd period - Stopped by Pavel Francouz with a rebound.
8:53 of 2nd period - Slapshot by Joe Morrow.
8:53 of 2nd period - Shot Misses the Net.
8:55 of 2nd period - Snap shot by Fredrik Olofsson.
8:55 of 2nd period - Shot Blocked by Connor Murphy.
9:34 of 2nd period - Icing by Anton Lindholm.
9:35 of 2nd period - Jake Evans wins face-off versus Joe Labate in Wolves zone.
9:35 of 2nd period - Jake Evans is hit by Borna Rendulic.
9:46 of 2nd period - Off-side.
9:47 of 2nd period - Joe Labate wins face-off versus Kyle Rau in neutral zone.
10:00 of 2nd period - Wrist shot by Alex Tuch.
10:00 of 2nd period - Deflect By Joe Labate.
10:00 of 2nd period - Stopped by Ebbe Siönäs with a rebound.
10:17 of 2nd period - James Sheppard is hit by Joe Morrow and loses puck.
10:34 of 2nd period - Snap shot by Pavel Kraskovsky.
10:34 of 2nd period - Stopped by Ebbe Siönäs without a rebound.
10:35 of 2nd period - Antti Suomela wins face-off versus Pavel Kraskovsky in Wolves zone.
11:04 of 2nd period - Snap shot by Borna Rendulic.
11:04 of 2nd period - Goal by Borna Rendulic - Wolves : 2 - Sound Tigers : 2.
11:05 of 2nd period - Kyle Rau wins face-off versus Joe Labate in neutral zone.
11:14 of 2nd period - Wrist shot by Alexandre Grenier.
11:14 of 2nd period - Shot Blocked by Connor Murphy.
11:16 of 2nd period - Snap shot by Kyle Rau.
11:16 of 2nd period - Shot Misses the Net.
11:26 of 2nd period - Minor Penalty to Joe Labate for Roughing.
11:27 of 2nd period - Alex Tuch wins face-off versus Kyle Rau in Sound Tigers zone.
12:09 of 2nd period - Slapshot by Joe Morrow.
12:09 of 2nd period - Stopped by Pavel Francouz without a rebound.
12:10 of 2nd period - Alex Tuch wins face-off versus Kyle Rau in Sound Tigers zone.
12:37 of 2nd period - Connor Murphy is hit by Victor Olofsson.
12:41 of 2nd period - Victor Olofsson is hit by James Sheppard and loses puck.
13:04 of 2nd period - Julian Melchiori is hit by Jake Evans and loses puck.
13:26 of 2nd period - Penalty to Joe Labate is over, Joe Labate is back on ice.
13:39 of 2nd period - Snap shot by Rhett Gardner.
13:39 of 2nd period - Stopped by Ebbe Siönäs with a rebound.
14:35 of 2nd period - Thomas Spelling is hit by James Livingstone and loses puck.
15:04 of 2nd period - Wrist shot by Alexandre Grenier.
15:04 of 2nd period - Stopped by Pavel Francouz with a rebound.
15:10 of 2nd period - Minor Penalty to Borna Rendulic for Holding.
15:11 of 2nd period - Alex Tuch wins face-off versus Kyle Rau in Sound Tigers zone.
15:58 of 2nd period - Alexandre Grenier is hit by Garret Ross and loses puck.
17:10 of 2nd period - Penalty to Borna Rendulic is over, Borna Rendulic is back on ice.
17:13 of 2nd period - Snap shot by Thomas Spelling.
17:13 of 2nd period - Stopped by Pavel Francouz with a rebound.
18:03 of 2nd period - Wrist shot by Pavel Kraskovsky.
18:03 of 2nd period - Shot Blocked by Jalen Chatfield.
18:05 of 2nd period - Wrist shot by Alexander Yelesin.
18:05 of 2nd period - Shot Blocked by Jalen Chatfield.
18:11 of 2nd period - Snap shot by Pavel Kraskovsky.
18:11 of 2nd period - Shot Misses the Net.
18:13 of 2nd period - Snap shot by Pavel Kraskovsky.
18:13 of 2nd period - Shot Blocked by Jalen Chatfield.
18:37 of 2nd period - Snap shot by Victor Olofsson.
18:37 of 2nd period - Shot Hit the Post.
18:39 of 2nd period - Snap shot by Eric Robinson.
18:39 of 2nd period - Stopped by Pavel Francouz without a rebound.
18:40 of 2nd period - Rhett Gardner wins face-off versus Jake Evans in Sound Tigers zone.
Goals for this period are 1 for Wolves vs 2 for Sound Tigers.
Shots for this period are 13 for Wolves vs 10 for Sound Tigers.
3rd period
0:01 of 3rd period - Alexandre Grenier wins face-off versus Joe Labate in neutral zone.
0:08 of 3rd period - Wrist shot by Jeffrey Foss.
0:08 of 3rd period - Shot Misses the Net.
0:10 of 3rd period - Slapshot by Jeffrey Foss.
0:10 of 3rd period - Shot Blocked by Connor Murphy.
0:12 of 3rd period - Wrist shot by Lawson Crouse.
0:12 of 3rd period - Goal by Lawson Crouse - Wolves : 3 - Sound Tigers : 2.
0:13 of 3rd period - Joe Labate wins face-off versus Kyle Rau in neutral zone.
1:03 of 3rd period - Pavel Kraskovsky is hit by Jeffrey Foss and loses puck.
1:20 of 3rd period - Matthew Highmore is hit by Alexander Yelesin and loses puck.
1:46 of 3rd period - Snap shot by Joe Morrow.
1:46 of 3rd period - Deflect By Alexandre Grenier.
1:46 of 3rd period - Stopped by Pavel Francouz with a rebound.
2:02 of 3rd period - Wrist shot by Victor Olofsson.
2:02 of 3rd period - Stopped by Pavel Francouz with a rebound.
2:04 of 3rd period - Wrist shot by Victor Olofsson.
2:04 of 3rd period - Stopped by Pavel Francouz without a rebound.
2:05 of 3rd period - Jake Evans wins face-off versus Joe Labate in Sound Tigers zone.
2:11 of 3rd period - Icing by Dylan McIlrath.
2:12 of 3rd period - Jake Evans wins face-off versus Joe Labate in Sound Tigers zone.
2:17 of 3rd period - Snap shot by Victor Olofsson.
2:17 of 3rd period - Goal by Victor Olofsson - Wolves : 4 - Sound Tigers : 2.
2:18 of 3rd period - Lawson Crouse wins face-off versus Joe Labate in neutral zone.
3:05 of 3rd period - Snap shot by Wade Allison.
3:05 of 3rd period - Stopped by Pavel Francouz with a rebound.
3:07 of 3rd period - Snap shot by Wade Allison.
3:07 of 3rd period - Shot Misses the Net.
3:09 of 3rd period - Slapshot by Jakub Zboril.
3:09 of 3rd period - Deflect By Wade Allison.
3:09 of 3rd period - Stopped by Pavel Francouz without a rebound.
3:10 of 3rd period - Ryan Bourque wins face-off versus Matthew Highmore in Sound Tigers zone.
3:15 of 3rd period - Slapshot by Jakub Zboril.
3:15 of 3rd period - Shot Blocked by Julian Melchiori.
3:47 of 3rd period - Alex Tuch is hit by Alexandre Grenier and loses puck.
4:06 of 3rd period - Slapshot by James Livingstone.
4:06 of 3rd period - Shot Blocked by Victor Olofsson.
4:18 of 3rd period - Wrist shot by Joe Morrow.
4:18 of 3rd period - Shot Misses the Net.
5:00 of 3rd period - Snap shot by Alex Tuch.
5:00 of 3rd period - Stopped by Ebbe Siönäs with a rebound.
5:02 of 3rd period - Slapshot by Borna Rendulic.
5:02 of 3rd period - Shot Misses the Net.
5:24 of 3rd period - Snap shot by Jake Evans.
5:24 of 3rd period - Stopped by Pavel Francouz without a rebound.
5:25 of 3rd period - Joe Labate wins face-off versus Jake Evans in Sound Tigers zone.
5:30 of 3rd period - Wrist shot by Joe Labate.
5:30 of 3rd period - Stopped by Ebbe Siönäs with a rebound.
6:15 of 3rd period - Garret Ross is hit by Antti Suomela and loses puck.
6:43 of 3rd period - Minor Penalty to Ben Thomson for Roughing.
6:44 of 3rd period - Alex Tuch wins face-off versus Kyle Rau in Sound Tigers zone.
6:56 of 3rd period - Lawson Crouse is hit by Alex Tuch and loses puck.
8:35 of 3rd period - Dylan McIlrath is hit by Joe Morrow and loses puck.
8:40 of 3rd period - Slapshot by Joe Morrow.
8:40 of 3rd period - Shot Blocked by Dylan McIlrath.
8:43 of 3rd period - Penalty to Ben Thomson is over, Ben Thomson is back on ice.
9:06 of 3rd period - Wrist shot by Matthew Highmore.
9:06 of 3rd period - Shot Misses the Net.
9:12 of 3rd period - Minor Penalty to Garret Ross for Interference.
9:13 of 3rd period - Kyle Rau wins face-off versus Alex Tuch in Sound Tigers zone.
9:44 of 3rd period - Slapshot by Jeffrey Foss.
9:44 of 3rd period - Deflect By Victor Olofsson.
9:44 of 3rd period - Stopped by Pavel Francouz without a rebound.
9:45 of 3rd period - Kyle Rau wins face-off versus Tyrell Goulbourne in Sound Tigers zone.
9:54 of 3rd period - Anton Lindholm is hit by Borna Rendulic and loses puck.
10:01 of 3rd period - Slapshot by Joe Morrow.
10:01 of 3rd period - Deflect By Borna Rendulic.
10:01 of 3rd period - Stopped by Pavel Francouz with a rebound.
11:12 of 3rd period - Penalty to Garret Ross is over, Garret Ross is back on ice.
11:14 of 3rd period - Garret Ross is hit by Alexandre Grenier and loses puck.
11:22 of 3rd period - Minor Penalty to Fredrik Olofsson for Hooking.
11:23 of 3rd period - Alexandre Grenier wins face-off versus Joe Labate in Wolves zone.
11:50 of 3rd period - Alexandre Grenier is hit by Julian Melchiori and loses puck.
13:00 of 3rd period - Joe Morrow is hit by Connor Murphy and loses puck.
13:22 of 3rd period - Penalty to Fredrik Olofsson is over, Fredrik Olofsson is back on ice.
13:38 of 3rd period - Snap shot by Alexandre Grenier.
13:38 of 3rd period - Stopped by Pavel Francouz with a rebound.
14:01 of 3rd period - Snap shot by Alexandre Grenier.
14:01 of 3rd period - Shot Misses the Net.
14:03 of 3rd period - Wrist shot by Fredrik Olofsson.
14:03 of 3rd period - Goal by Fredrik Olofsson - Wolves : 5 - Sound Tigers : 2.
14:04 of 3rd period - Joe Labate wins face-off versus Jake Evans in neutral zone.
15:58 of 3rd period - Wrist shot by James Sheppard.
15:58 of 3rd period - Shot Blocked by Jeff Petry.
16:12 of 3rd period - Fredrik Olofsson is hit by Dylan McIlrath and loses puck.
16:17 of 3rd period - Slapshot by Garret Ross.
16:17 of 3rd period - Stopped by Ebbe Siönäs without a rebound.
16:18 of 3rd period - Jake Evans wins face-off versus Pavel Kraskovsky in Wolves zone.
16:31 of 3rd period - Wrist shot by Pavel Kraskovsky.
16:31 of 3rd period - Shot Blocked by Eric Robinson.
16:33 of 3rd period - Slapshot by Slater Koekkoek.
16:33 of 3rd period - Shot Misses the Net.
16:35 of 3rd period - Slapshot by Garret Ross.
16:35 of 3rd period - Goal by Garret Ross - Wolves : 5 - Sound Tigers : 3.
16:36 of 3rd period - Fredrik Olofsson wins face-off versus Pavel Kraskovsky in neutral zone.
16:47 of 3rd period - Antti Suomela is hit by Garret Ross and loses puck.
17:07 of 3rd period - Slapshot by Joe Morrow.
17:07 of 3rd period - Deflect By Victor Olofsson.
17:07 of 3rd period - Shot Misses the Net.
17:07 of 3rd period - Puck is out of play.
17:08 of 3rd period - Joe Labate wins face-off versus Jake Evans in Sound Tigers zone.
17:08 of 3rd period - Joe Labate is hit by Eric Robinson.
17:16 of 3rd period - Snap shot by Borna Rendulic.
17:16 of 3rd period - Stopped by Ebbe Siönäs with a rebound.
17:18 of 3rd period - Snap shot by Borna Rendulic.
17:18 of 3rd period - Shot Blocked by Jake Evans.
17:20 of 3rd period - Snap shot by Julian Melchiori.
17:20 of 3rd period - Shot Blocked by Anton Lindholm.
17:22 of 3rd period - Snap shot by Borna Rendulic.
17:22 of 3rd period - Deflect By Jake Evans.
17:22 of 3rd period - Stopped by Ebbe Siönäs with a rebound.
17:24 of 3rd period - Wrist shot by Gabriel Carlsson.
17:24 of 3rd period - Stopped by Ebbe Siönäs with a rebound.
18:21 of 3rd period - Wrist shot by Pavel Kraskovsky.
18:21 of 3rd period - Shot Blocked by Eric Robinson.
18:36 of 3rd period - Off-side.
18:37 of 3rd period - Jake Evans wins face-off versus Joe Labate in neutral zone.
19:02 of 3rd period - Jalen Chatfield is hit by Alex Tuch and loses puck.
Goals for this period are 3 for Wolves vs 1 for Sound Tigers.
Shots for this period are 12 for Wolves vs 7 for Sound Tigers.